 Dungeon Crawl Stone Soup version 0.28-a0-1624-g820543e53a (webtiles) character file.

Game seed: 15666461447326690482

22 Shayle the Skirmisher (level 2, -2/23 HPs)
             Began as a Demonspawn Warper on Jan 24, 2022.
             Slain by an adder (3 damage)
             ... on level 2 of the Dungeon.
             The game lasted 00:02:19 (1224 turns).

Shayle the Skirmisher (Demonspawn Warper)           Turns: 1224, Time: 00:02:20

Health: -2/23      AC:  4    Str: 11    XL:     2   Next: 68%
Magic:  5/5        EV: 11    Int: 14    God:
Gold:   44         SH:  0    Dex: 12    Spells: 5/5 levels left

rFire   + . .      SeeInvis .     - Unarmed
rCold   + . .      Faith    .   (no shield)
rNeg    . . .      Spirit   .   a - +0 leather armour
rPois   +          Reflect  .   i - +0 helmet
rElec   +          Harm     .   (no cloak)
rCorr   +          Rampage  .   (no gloves)
Will    .....                   (no boots)
Stlth   +.........              (no amulet)
HPRegen 0.07/turn               (no ring)
MPRegen 0.09/turn               (no ring)

@: lethally poisoned (-2 -> -3), resistant
A: powered by death 1
a: no special abilities


You were on level 2 of the Dungeon.
You visited 1 branch of the dungeon, and saw 2 of its levels.

You collected 44 gold pieces.

Inventory:

Missiles
 c - 4 boomerangs of dispersal (quivered)
 d - 4 boomerangs
Armour
 a - a +0 leather armour (worn)
 i - a +0 helmet (worn)
Scrolls
 b - a scroll of blinking
 e - a scroll of fear {unknown}
Potions
 f - a potion of lignification {unknown}
 g - a potion of resistance
 h - a potion of berserk rage {unknown}


   Skills:
 + Level 2.7 Fighting
 - Level 0.8 Throwing
 - Level 0.8 Armour
 - Level 1.7 Dodging
 + Level 2.4 Unarmed Combat
 - Level 2.0 Spellcasting
 - Level 2.6 Translocations


You had 5 spell levels left.
You didn't know any spells.
Your spell library contained the following spells:

 Spells                   Type           Power      Damage    Failure   Level
 Blink                    Tloc           16%        N/A       16%         2
 Gell's Gravitas          Tloc           8%         N/A       30%         3
 Lesser Beckoning         Tloc           8%         N/A       30%         3
 Teleport Other           Tloc           8%         N/A       30%         3
 Manifold Assault         Tloc           8%         N/A       96%         5


Dungeon Overview and Level Annotations

Branches:
Dungeon (2/15)

Altars:


Innate Abilities, Weirdness & Mutations

You regenerate a little health from kills.


Message History

You see here a hobgoblin corpse.
Found a club.
The adder barely misses you.
You barely miss the adder. The adder bites you but does no damage.
You completely miss the adder. The adder bites you.
You are poisoned.
The adder poisons you!
You closely miss the adder.
You feel sick. The adder misses you. The adder closely misses you.
You closely miss the adder.
You feel sick. The adder misses you.
You miss the adder.
You feel sick. The adder bites you.
You miss the adder.
You feel sick.
You are no longer poisoned.
The adder misses you.
You barely miss the adder. The adder bites you.
You are poisoned.
The adder poisons you!
You hit the adder.
The adder is lightly wounded.
You feel sick. The adder bites you.
* * * LOW HITPOINT WARNING * * *
The adder bites you.
* * * LOW HITPOINT WARNING * * *
You barely miss the adder.
The adder is lightly wounded.
* * * LOW HITPOINT WARNING * * *
You feel sick. The adder closely misses you.
Throw: 5 boomerangs (disperse)
Press: ? - help, Q - select action, (/) - cycle Shift-Dir - straight line, f - adder
Aim: an adder (lightly wounded, 38% to hit)
You throw a boomerang of dispersal.
The boomerang of dispersal closely misses the adder.
* * * LOW HITPOINT WARNING * * *
You feel sick. The adder barely misses you.
The adder bites you but does no damage.
It was a potion of resistance.
You feel protected.
* * * LOW HITPOINT WARNING * * *
You feel sick. The adder bites you.
You die...

######## #......# #
#......# .# #......###
#.### ####...)..#.#
......
..........#.#######......
......<..................
.....#.###..##.S@......#
.....#.# #..##.##.####.#
######.###..##.##.###
#......†.S........
..8...............
...............#.^
.....8............
.............#.....
..8.....8....#....


You could see an adder.

Vanquished Creatures
  2 dart slugs (D:1)
  A ball python (D:1)
  3 endoplasms (D:1)
  A goblin (D:1)
  A hobgoblin (D:2)
  4 kobolds
  A quokka (D:1)
  2 bats (D:1)
  A frilled lizard (D:1)
  A rat (D:1)
17 creatures vanquished.

Notes
Turn   | Place    | Note
-------+----------+-------------------------------------------
     0 | D:1      | Shayle the Demonspawn Warper began the quest for the Orb.
     0 | D:1      | Reached XP level 1. HP: 16/16 MP: 3/3
   126 | D:1      | Found a faded altar of an unknown god.
   443 | D:1      | Gained mutation: You regenerate a little health from kills.
                  | [demonic ancestry]
   443 | D:1      | Reached XP level 2. HP: 23/23 MP: 5/5
  1224 | D:2      | HP: 1/23 [poisoned by an adder]
  1224 | D:2      | Slain by an adder

Illustrated notes

Levels and vault maps discovered:
D:1:      shiori_arrival_elements, layout_loops_ring,
          hellmonk_ecumenical_altar_arch_garden
D:2:      layout_basic, kennysheep_doodads

Skill      XL: |  1 |
---------------+----+-----
Unarmed Combat | 2 |  2.4
Fighting       | |  2.7
Throwing       | |  0.8
Armour         | |  0.8
Dodging        | |  1.7
Spellcasting   | |  2.0
Translocations | |  2.6

Action                   || total
-------------------------++-------
Melee: Unarmed           ||    76
       Punch             ||     2
Throw: Boomerang         ||     1
  Use: Potion            ||     1
Armor: Leather armour    ||    29
Dodge: Dodged            ||    48

Table legend: (Time is in decaauts)
 A = Elapsed time spent in this place.
 B = Non-inter-level travel time spent in this place.
 C = Inter-level travel time spent in this place.
 D = Time resting spent in this place.
 E = Time spent auto-exploring this place.
 F = Levels seen in this place.
 G = Mean time per level.
                   A        B        C        D        E       F      G
               +--------+--------+--------+--------+--------+-----+--------+
         Total |   1221 |   1184 |     37 |      0 |    967 |   2 |  610.5 |
       Dungeon |   1221 |   1184 |     37 |      0 |    967 |   2 |  610.5 |
               +--------+--------+--------+--------+--------+-----+--------+

Top non-repeatable levels by time:
     D:1: 1184 daAuts
     D:2: 36 daAuts
